 Dungeon Crawl Stone Soup version 0.29.0-11-gd7f09526c8 (webtiles) character file.

Game seed: 3475197490850085045

144 GigaChad the Trooper (level 5, -7/47 HPs)
             Began as a Minotaur Fighter on Sept 6, 2022.
             Was a Follower of the Shining One.
             Killed by divine providence
             ... invoked by an orc priest
              (10 damage)
             ... on level 4 of the Dungeon.
             The game lasted 00:04:48 (2489 turns).

GigaChad the Trooper (Minotaur Fighter)             Turns: 2489, Time: 00:04:49

Health: -7/47      AC:  2    Str: 22    XL:     5   Next: 5%
Magic:  4/4        EV: 11    Int:  7    God:    the Shining One [*.....]
Gold:   110        SH:  4    Dex:  7    Spells: 4/4 levels left

rFire   . . .      SeeInvis .   a - +0 long sword
rCold   . . .      Faith    .   c - +0 buckler
rNeg    . . .      Spirit   .   o - +0 robe of Kaimaho {+Blink +Inv Int+2 Dex-3}
rPois   .          Reflect  .   (helmet restricted)
rElec   .          Harm     .   (no cloak)
rCorr   .          Rampage  .   (no gloves)
Will    +....                   (no boots)
Stlth   +.........              (no amulet)
HPRegen 0.15/turn               s - ring of willpower
MPRegen 0.09/turn               (no ring)

@: glowing
A: horns 2, retaliatory headbutt
a: Renounce Religion, Evoke Blink, Evoke Invisibility, Divine Shield


You were on level 4 of the Dungeon.
You worshipped the Shining One.
The Shining One was aware of your devotion.
You visited 1 branch of the dungeon, and saw 4 of its levels.

You collected 110 gold pieces.

Inventory:

Hand Weapons
 a - a +0 long sword (weapon)
 j - a +0 hand axe of flaming
Armour
 b - a +0 scale mail
 c - a +0 buckler (worn)
 k - a +0 chain mail
 o - the +0 robe of Kaimaho (worn) {+Blink +Inv Int+2 Dex-3}
   (You found it on level 2 of the Dungeon)

   Int:       It affects your intelligence (+2).
   Dex:       It affects your dexterity (-3).
   +Inv:      It lets you turn invisible.
   +Blink:    It lets you blink.
Jewellery
 i - an amulet of faith
 p - a ring of ice
 s - a ring of willpower (left hand)
Scrolls
 e - a scroll of fear {unknown}
 f - a scroll of noise {unknown}
 g - a scroll of fog {unknown}
 l - a scroll of amnesia {unknown}
 m - 3 scrolls of torment {unknown}
 n - a scroll of immolation {unknown}
 q - 2 scrolls of identify {unknown}
 r - a scroll of enchant weapon {unknown}
Potions
 d - a potion of might
 h - a potion of resistance {unknown}
 t - a potion of degeneration {unknown}


   Skills:
 + Level 4.4 Fighting
 + Level 4.0 Long Blades
 + Level 4.2 Armour
 + Level 1.2 Dodging
 + Level 1.2 Stealth
 + Level 4.3 Shields
 + Level 0.1 Evocations


You had 4 spell levels left.
You didn't know any spells.
Your spell library contained the following spells:

 Spells                   Type           Power      Damage    Failure   Level
 Apportation              Tloc           0%         N/A       52%         1
 Necrotise                Necr           0%         1d4       52%         1
 Summon Small Mammal      Summ           0%         N/A       52%         1
 Olgreb's Toxic Radiance  Pois           0%         N/A       99%         4
 Ozocubu's Refrigeration  Ice            0%         4d7       100%        7
 Ignition                 Fire           0%         3d3       100%        8


Dungeon Overview and Level Annotations

Branches:
Dungeon (4/15)
 Temple: D:4-7

Altars:
Cheibriados
Qazlal
The Shining One

Shops:
D:3 !


Innate Abilities, Weirdness & Mutations

You have a pair of horns on your head.
You reflexively headbutt those who attack you in melee.


Message History

The orc priest misses you. You block the orc priest's attack.
You barely miss the orc priest.
The orc priest is heavily wounded.
The orc priest hits you but does no damage.
You barely miss the orc.
The orc priest hits you with a +0 hand axe.
You slash the orc!
You kill the orc!
The orc priest barely misses you.
The orc priest hits you with a +0 hand axe. x2
You hit the orc priest but do no damage.
You headbutt the orc priest!
You kill the orc priest!
The Shining One accepts your kill.
You feel better. You block the orc priest's attack.
Your Armour skill increases to level 4!
You have reached level 5!
You hit the orc. You headbutt the orc.
You kill the orc!
The orc priest barely misses you.
You barely miss the orc. Your headbutt misses the orc.
You block the orc's attack.
The orc priest hits you with a +0 hand axe.
* * * LOW HITPOINT WARNING * * *
You barely miss the orc. You headbutt the orc.
The orc is almost dead.
The orc hits you but does no damage.
The orc priest hits you with a +0 hand axe.
* * * LOW HITPOINT WARNING * * *
You hit the orc.
You kill the orc!
The orc priest looks braver for a moment.
The orc priest invokes the aid of Beogh against you.
Pain shoots through your body!
* * * LOW HITPOINT WARNING * * *
Your Long Blades skill increases to level 4!
You fail to use your ability.
The orc priest barely misses you.
The orc priest calls down the wrath of Beogh upon you.
Beogh smites you!
You die...

## ### #...###
#.. ...... #.#
#...#
.##########.#
#..#
#.....).@##.###.#
.#######o.......#
####.....##
######..<#####
#.........>..#
#.####...###.#
#[# ##.## #.# ##
#.# #.# #.##.#
#.# #.####.#.#.


You could see an orc priest.

Vanquished Creatures
  An orc priest (D:4)
  Natasha (thrice) (D:3)
  A dart slug (D:2)
  3 orcs (D:4)
  2 ball pythons
  6 endoplasms
  2 goblins (D:1)
  2 hobgoblins
  2 quokkas
  2 bats (D:1)
  A frilled lizard (D:1)
  6 kobolds
  5 rats
36 creatures vanquished.

Notes
Turn   | Place    | Note
-------+----------+-------------------------------------------
     0 | D:1      | GigaChad the Minotaur Fighter began the quest for the Orb.
     0 | D:1      | Reached XP level 1. HP: 19/19 MP: 0/0
   275 | D:1      | Reached XP level 2. HP: 17/27 MP: 1/1
   548 | D:2      | Identified the +0 robe of Kaimaho {+Blink +Inv Int+2 Dex-3}
   574 | D:2      | Found a faded altar of an unknown god.
   613 | D:2      | Prayed at the altar of an unknown god.
   613 | D:2      | Became a worshipper of the Shining One
   613 | D:2      | Reached * piety under the Shining One
  1166 | D:3      | Found a snail-covered altar of Cheibriados.
  1245 | D:3      | Reached XP level 3. HP: 33/33 MP: 2/2
  1285 | D:3      | Found a stormy altar of Qazlal.
  1381 | D:3      | Noticed Natasha
  1386 | D:3      | Killed Natasha
  1599 | D:3      | Found Ruhizo's Distillery.
  1742 | D:3      | Noticed Natasha
  1749 | D:3      | Killed Natasha
  1750 | D:3      | Reached skill level 1 in Stealth
  1750 | D:3      | Reached XP level 4. HP: 25/40 MP: 3/3
  2097 | D:3      | Noticed Natasha
  2110 | D:3      | Killed Natasha
  2111 | D:3      | Reached skill level 1 in Dodging
  2484 | D:4      | Reached XP level 5. HP: 20/47 MP: 4/4
  2489 | D:4      | Killed from afar by an orc priest

Illustrated notes

Levels and vault maps discovered:
D:1:      nagdon_arrival_double_spiral, layout_rooms, minmay_misc_feat_columns,
          lemuel_another_geyser
D:2:      layout_rooms, shapermc_ecumenical_altar_starsandcircs
D:3:      layout_basic, mainiacjoe_overflow_concentric_impassable,
          lemuel_tele_altar, serial_shops, shop_statue, corexii_corridor_pit,
          minmay_crystal_water, uniq_natasha
D:4:      layout_loops_ring, lemuel_crystal_altar, fiery_altar_vehumet,
          serial_shops, shop, hangedman_abyss_or_decor_passed, uniq_duvessa

Skill      XL: |  1  2  3  4  5 |
---------------+----------------+-----
Shields        | 4 |  4.3
Fighting       | 4 |  4.4
Long Blades    | 3 4 |  4.0
Stealth        | 1 |  1.2
Dodging        | 1 |  1.2
Armour         | 4 |  4.2
Evocations     | |  0.1

Action                   |  1- 3 |  4- 6 || total
-------------------------+-------+-------++-------
Melee: Long sword        |    65 |    23 ||    88
       Headbutt          |    10 |     4 ||    14
 Abil: Evoke Blink       |     1 |       ||     1
Armor: Scale mail        |    21 |       ||    21
       Robe              |     3 |     5 ||     8
       Chain mail        |     1 |       ||     1
Dodge: Dodged            |    39 |    13 ||    52
Block: Buckler           |    22 |     3 ||    25
